 Dungeon Crawl Stone Soup version 0.27-a0-1139-g28e009f8a6 (webtiles) character file.

Game seed: 3539866157481960943

170 HoaS the Twirler (level 5, 0/30 HPs)
             Began as a Tengu Gladiator on May 7, 2021.
             Succumbed to a water moccasin's poison
             ... on level 6 of the Dungeon.
             The game lasted 00:05:48 (2853 turns).

HoaS the Twirler (Tengu Gladiator)                  Turns: 2853, Time: 00:05:48

Health: 0/30       AC:  6    Str: 15    XL:     5   Next: 51%
Magic:  6/6        EV: 12    Int:  9    God:
Gold:   162        SH:  0    Dex: 15    Spells: 4/4 levels left

rFire    . . .     SeeInvis .   a - +3 quarterstaff
rCold    . . .     Faith    .   (shield currently unavailable)
rNeg     . . .     Spirit   .   h - +0 scale mail
rPois    .         Reflect  .   c - +0 hat
rElec    .         Harm     .   (no cloak)
rCorr    .         Rampage  .   (no gloves)
Will     .....                  (boots unavailable)
Stlth    ..........             q - amulet of the acrobat
HPRegen  0.10/turn              (no ring)
MPRegen  0.10/turn              (no ring)

@: lethally poisoned (0 -> -37), flying quickly and evasively, quick
A: beak, talons 3, nimble flight
a: no special abilities


You were on level 6 of the Dungeon.
You visited 1 branch of the dungeon, and saw 5 of its levels.

You collected 162 gold pieces.

Inventory:

Hand Weapons
 a - a +3 quarterstaff (weapon)
Missiles
 b - 19 bolts
 d - 2 throwing nets (quivered)
 e - 18 poisoned darts
 f - 6 silver boomerangs
 k - 55 arrows
Armour
 c - a +0 hat (worn)
 h - a +0 scale mail (worn)
Jewellery
 q - an amulet of the acrobat (around neck)
Scrolls
 j - 2 scrolls of identify
Potions
 g - a potion of heal wounds
 i - a potion of curing
 l - 2 potions of lignification
 n - 2 potions of attraction


   Skills:
 - Level 2.0 Fighting
 + Level 6.6 Staves
 - Level 2.0 Throwing
 - Level 3.2 Dodging


You had 4 spell levels left.
You didn't know any spells.
Your spell library contained the following spells:

 Spells                   Type           Power      Damage    Failure   Level
 Beastly Appendage        Tmut           0%         N/A       86%         1
 Wereblood                Tmut           0%         N/A       95%         2
 Spider Form              Tmut/Pois      0%         N/A       99%         3
 Ice Form                 Ice/Tmut       0%         N/A       100%        4
 Hydra Form               Tmut           0%         N/A       100%        5


Dungeon Overview and Level Annotations

Branches:
Dungeon (4/15)
 Temple: D:4-7

Altars:


Innate Abilities, Weirdness & Mutations

You have a beak for a mouth.
You have claws for feet.
Your magical nature lets you fly swiftly and evasively.


Message History

You throw a throwing net.
The throwing net hits the water moccasin.
The water moccasin is caught in the net!
The water moccasin struggles against the net.
You hit the water moccasin.
You claw the water moccasin, but do no damage.
You peck the water moccasin.
The water moccasin is moderately wounded.
The water moccasin struggles against the net. x2
The net rips apart, and the water moccasin comes free!
You sock the water moccasin! Your kick misses the water moccasin.
You peck the water moccasin.
The water moccasin is heavily wounded.
The water moccasin barely misses you.
You barely miss the water moccasin.
The water moccasin is heavily wounded.
The iguana bites you. The water moccasin closely misses you.
You miss the water moccasin. You claw the water moccasin.
The water moccasin is severely wounded.
The water moccasin bites you.
You are poisoned.
The water moccasin poisons you! The iguana completely misses you.
The water moccasin misses you.
You barely miss the water moccasin.
The water moccasin is severely wounded.
You feel very sick. The iguana misses you. The water moccasin bites you.
You are lethally poisoned!
The water moccasin poisons you!
You closely miss the water moccasin. Your kick misses the water moccasin.
You peck the water moccasin.
The water moccasin is severely wounded.
You feel very sick. The water moccasin bites you. The iguana bites you.
The water moccasin bites you.
You are more poisoned.
The water moccasin poisons you!
You hit the water moccasin.
You kill the water moccasin!
You die...

# #.. ##
.....#.##
......l@#
...^....#
.[......#
........#
#...##..#
##.# ...#
... ...#
.. .....


You could see an iguana.

Vanquished Creatures
  A water moccasin (D:6)
  Terence (D:3)
  An iguana (D:3)
  4 adders
  2 worms
  3 dart slugs (D:1)
  3 orcs (D:3)
  5 ball pythons
  4 endoplasms (D:1)
  4 giant cockroaches
  6 goblins
  5 hobgoblins
  6 jackals
  A quokka (D:3)
  4 bats
  7 frilled lizards
  6 kobolds
  7 rats
70 creatures vanquished.

Vanquished Creatures (others)
  A plant (D:3)
  2 withered plants (D:2)
3 creatures vanquished.

Grand Total: 73 creatures vanquished

Notes
Turn   | Place    | Note
-------+----------+-------------------------------------------
     0 | D:1      | HoaS the Tengu Gladiator began the quest for the Orb.
     0 | D:1      | Reached XP level 1. HP: 12/12 MP: 2/2
   212 | D:1      | Reached XP level 2. HP: 13/17 MP: 3/3
   270 | D:1      | Reached skill level 4 in Staves
   655 | D:1      | Reached XP level 3. HP: 21/21 MP: 4/4
   907 | D:2      | Reached skill level 5 in Staves
  1137 | D:2      | Found a faded altar of an unknown god.
  1140 | D:2      | Reached XP level 4. HP: 24/26 MP: 5/5
  1859 | D:3      | Reached skill level 6 in Staves
  1859 | D:3      | Noticed Terence
  1869 | D:3      | Killed Terence
  1870 | D:3      | Gained mutation: Your magical nature lets you fly swiftly
                  | and evasively. [Tengu growth]
  1870 | D:3      | Reached XP level 5. HP: 4/30 MP: 2/6
  2844 | D:4      | You are sucked into a shaft and drop 2 floors!
  2844 | D:6      | Noticed a water moccasin
  2853 | D:6      | Killed a water moccasin
  2853 | D:6      | Succumbed to a water moccasin's poison

Illustrated notes

Levels and vault maps discovered:
D:1:      lightli_arrival_lavapool, layout_loops_cross, due_unseen_surprise
D:2:      layout_loops_ring, ebering_ecumenical_altar_petrified
D:3:      kennysheep_big_flooded_room, layout_loops_ring, minmay_crystal_room,
          corexii_shack, minmay_pentomino_pile, uniq_terence
D:4:      layout_basic, minmay_temple_entry_mini_moons
D:6:      gammafunk_cloud_chamber, layout_cave_pools, kennysheep_generic_room_10

Skill      XL: |  1  2  3  4 |
---------------+-------------+-----
Staves         | 4 5 6 |  6.6
Fighting       | |  2.0
Throwing       | |  2.0
Dodging        | |  3.2

Action                   |  1- 3 |  4- 6 || total
-------------------------+-------+-------++-------
Melee: Quarterstaff      |    58 |    93 ||   151
       Kick              |     9 |    29 ||    38
       Peck              |     4 |    19 ||    23
Throw: Throwing net      |       |     1 ||     1
  Use: Scroll            |     3 |    10 ||    13
Armor: Leather armour    |     8 |       ||     8
       Ring mail         |     7 |     1 ||     8
       Scale mail        |       |    21 ||    21
Dodge: Dodged            |    40 |    48 ||    88

Table legend: (Time is in decaauts)
 A = Elapsed time spent in this place.
 B = Non-inter-level travel time spent in this place.
 C = Inter-level travel time spent in this place.
 D = Time resting spent in this place.
 E = Time spent auto-exploring this place.
 F = Levels seen in this place.
 G = Mean time per level.
                   A        B        C        D        E       F      G
               +--------+--------+--------+--------+--------+-----+--------+
         Total |   2793 |   2676 |    117 |    604 |   1677 |   5 |  558.6 |
       Dungeon |   2793 |   2676 |    117 |    604 |   1677 |   5 |  558.6 |
               +--------+--------+--------+--------+--------+-----+--------+

Top non-repeatable levels by time:
     D:3: 1149 daAuts
     D:1: 841 daAuts
     D:2: 784 daAuts
     D:4: 9 daAuts
     D:6: 8 daAuts
